 Dungeon Crawl Stone Soup version 0.28-a0-2-g643f2454ad (webtiles) character file.

Game seed: 7673248237562875417

3 graki42 the Shield-Bearer (level 1, -1/16 HPs)
             Began as an Octopode Fighter on July 22, 2021.
             Slain by a ball python (2 damage)
             ... on level 1 of the Dungeon.
             The game lasted 00:00:35 (407 turns).

graki42 the Shield-Bearer (Octopode Fighter)         Turns: 407, Time: 00:00:36

Health: -1/16      AC:  1    Str: 15    XL:     1   Next: 50%
Magic:  1/1        EV:  8    Int: 10    God:
Gold:   36         SH:  8    Dex: 11    Spells: 0/0 levels left

rFire   . . .      SeeInvis .   a - +0 long sword
rCold   . . .      Faith    .   b - +0 kite shield
rNeg    . . .      Spirit   .   (helmet restricted)
rPois   .          Reflect  .   (no amulet)
rElec   .          Harm     .   (no ring)
rCorr   .          Rampage  .   (no ring)
Will    .....                   (no ring)
Stlth   ++........              (no ring)
HPRegen 0.05/turn               (no ring)
MPRegen 0.07/turn               (no ring)
                                (no ring)
                                (no ring)

@: constricted
A: almost no armour, amphibious, 8 rings, camouflage 1, gelatinous body 1,
(nimble swimmer 1), tentacles
a: no special abilities


You were on level 1 of the Dungeon.
You visited 1 branch of the dungeon, and saw 1 of its levels.

You collected 36 gold pieces.

Inventory:

Hand Weapons
 a - a +0 long sword (weapon)
Armour
 b - a +0 kite shield (worn)
Potions
 c - a potion of might
 d - a potion of degeneration {unknown}


   Skills:
 - Level 3.0 Fighting
 + Level 2.0 Long Blades
 - Level 3.0 Dodging
 * Level 3.1 Shields


You couldn't memorise any spells.
You didn't know any spells.
Your spell library was empty.

Dungeon Overview and Level Annotations

Branches:
Dungeon (1/15)

Altars:


Innate Abilities, Weirdness & Mutations

You cannot wear most types of armour.
You are amphibious.
You can wear up to eight rings at the same time.
Your skin changes colour to match your surroundings (Stealth+).
Your rubbery body absorbs attacks. (AC +1, EV +1)
((You are camouflaged near water. (Stealth+)))
You have tentacles for arms and can constrict up to eight enemies at once.


Message History

You see here a +0 club.
Found a stone staircase leading down.
No target in view!
A rat comes into view.
The rat bites you but does no damage.
You barely miss the rat. Your grab misses the rat. Your squeeze misses the rat.
The rat bites you. The rat barely misses you.
You riposte.
You closely miss the rat. You grab the rat. You barely miss the rat.
You constrict the rat.
You kill the rat!
You see here a rat corpse.
You see here a rat corpse.
You open the door.
There is an open door here.
Found a stone staircase leading down.
You now have 36 gold pieces (gained 8).
You open the door.
There is an open door here.
A ball python comes into view.
Found a leather armour.
The ball python hisses angrily.
You barely miss the ball python. Your grab misses the ball python.
You block the ball python's attack. The ball python grabs you.
The ball python constricts you. The ball python bites you.
The ball python constricts you.
You closely miss the ball python. Your grab misses the ball python.
The ball python bites you. The ball python constricts you.
The ball python bites you. The ball python constricts you.
You completely miss the ball python. Your grab misses the ball python.
The ball python bites you. The ball python constricts you.
The ball python bites you.
* * * LOW HITPOINT WARNING * * *
The ball python constricts you.
You are too injured to fight recklessly!
Unknown command.
You closely miss the ball python. Your grab misses the ball python.
The ball python bites you.
* * * LOW HITPOINT WARNING * * *
x2 The ball python constricts you.
The ball python bites you.
You die...

#....≈≈# ....≈≈# # ....≈≈#
.###...≈≈ ......≈# .#
#.....#.# #.###.S.[.#
#.....@...# #####.###..≈≈≈
#.# ..≈ ########## #.# .
.......).# #.# # ##.....#.#
#.# ### ### # #...#.#.#
##.####.####.## # #...#.#.#
##...##........# #
#.....#.####.....##.####.##
#


You could see a ball python.

Vanquished Creatures
  A goblin (D:1)
  A kobold (D:1)
  2 rats (D:1)
4 creatures vanquished.

Notes
Turn   | Place    | Note
-------+----------+-------------------------------------------
     0 | D:1      | graki42 the Octopode Fighter began the quest for the Orb.
     0 | D:1      | Reached XP level 1. HP: 16/16 MP: 1/1
   407 | D:1      | Slain by a ball python

Illustrated notes

Levels and vault maps discovered:
D:1:      nzn_arrival_depleted_hourglass, layout_loops_corners,
          hellmonk_ecumenical_altar_heavens_door, grunt_decor_junction

Action                   || total
-------------------------++-------
Melee: Long sword        ||    10
       Constrict         ||     3
       Tentacles         ||     1
 Stab: Sleeping          ||     1
Armor: Skin              ||     1
Dodge: Dodged            ||     2
Block: Kite shield       ||     2
       Rpst.: Long sword ||     1

Table legend: (Time is in decaauts)
 A = Elapsed time spent in this place.
 B = Non-inter-level travel time spent in this place.
 C = Inter-level travel time spent in this place.
 D = Time resting spent in this place.
 E = Time spent auto-exploring this place.
 F = Levels seen in this place.
 G = Mean time per level.
                   A        B        C        D        E       F      G
               +--------+--------+--------+--------+--------+-----+--------+
         Total |    411 |    411 |      0 |      0 |    374 |   1 |  411.0 |
       Dungeon |    411 |    411 |      0 |      0 |    374 |   1 |  411.0 |
               +--------+--------+--------+--------+--------+-----+--------+

Top non-repeatable levels by time:
     D:1: 411 daAuts
